 Dungeon Crawl Stone Soup version 0.19.1-1-g22dce08 (webtiles) character file.

1324 Jynx the Poker (level 8, -6/71 HPs)
             Began as a Hill Orc Fighter on Jan 17, 2017.
             Killed from afar by Azzok's ghost (22 damage)
             ... with a flame tongue
             ... on level 9 of the Dungeon.
             The game lasted 00:11:09 (4915 turns).

Jynx the Poker (Hill Orc Fighter)                   Turns: 4915, Time: 00:11:10

Health: -6/71      AC: 10    Str: 19    XL:     8   Next: 60%
Magic:  8/8        EV:  7    Int:  9    God:
Gold:   177        SH: 10    Dex: 11    Spells: 0 memorised, 7 levels left

rFire  x . .     SeeInvis .     a - +1 trident
rCold  + . .     Gourm    .     r - +0 scale mail (curse)
rNeg   . . .     Faith    .     c - +0 shield
rPois  .         Spirit   .     i - +0 helmet
rElec  .         Reflect  .     w - +0 cloak
rCorr  .         Harm     .     (no gloves)
MR     .....                    (no boots)
Stlth  ..........               m - amulet of rage
                                t - ring of ice
                                l - ring of wizardry (curse)

@: no status effects
A: no striking features
a: Evoke Berserk Rage


You were on level 9 of the Dungeon.
You were very hungry.

You visited 1 branch of the dungeon, and saw 7 of its levels.

You collected 177 gold pieces.

Inventory:

Hand Weapons
 a - a +1 trident (weapon)
Armour
 c - a +0 shield (worn)
 i - a +0 helmet (worn)
 r - a cursed +0 scale mail (worn)
 w - a +0 cloak (worn)
Jewellery
 l - a cursed ring of wizardry (left hand)
 m - an amulet of rage (around neck)
 t - a ring of ice (right hand)
Wands
 y - a wand of flame (29/48)
Scrolls
 b - 2 scrolls of fear
 p - 3 scrolls of teleportation
 z - a scroll of fog {unknown}
Potions
 d - a potion of might
 g - 4 potions of curing
 k - a potion of ambrosia
 o - a potion of magic
 q - 2 potions of berserk rage {unknown}
 s - 2 potions of flight {unknown}
 u - a potion of brilliance {unknown}
 v - 2 potions of degeneration {unknown}
Comestibles
 f - 3 bread rations
 h - 15 fruits
 j - 2 slices of pizza
 n - 2 meat rations
 x - 2 beef jerkies


   Skills:
 + Level 6.6 Fighting
 * Level 7.2 Polearms
 + Level 5.9 Armour
 + Level 6.0 Shields


You had 7 spell levels left.
You didn't know any spells.

Dungeon Overview and Level Annotations

Branches:
Dungeon (6/15)
 Temple: D:4-7

Altars:
Cheibriados
Fedhas
Ru
Trog

Shops:
D:4 (

Annotations:
D:9 Azzok's ghost, novice DEFE


Message History

* * * LOW HITPOINT WARNING * * *
Azzok's ghost burns you.
* * * LOW HITPOINT WARNING * * *
You feel much better. Azzok's ghost hits you. Azzok's ghost burns you.
You hit Azzok's ghost but do no damage.
Azzok's ghost is severely damaged.
Azzok's ghost sprays you with burning goo.
The sticky flame hits you! The fire burns you terribly!
You are covered in liquid flames!
You hit Azzok's ghost but do no damage.
Azzok's ghost is severely damaged.
You are covered in liquid flames!
Azzok's ghost hits you. Azzok's ghost burns you.
Your shield prevents you from hitting Azzok's ghost.
Azzok's ghost is severely damaged.
You are covered in liquid flames!
* * * LOW HITPOINT WARNING * * *
Azzok's ghost points at you and mumbles some strange words.
The flame tongue hits you! The fire burns you terribly!
You die...

#### ...
##.###.###
....W....#
.#.#...#.#
#.....#.#
####..#W#
..<#@#
#.#.#.#
#...#.#
#########.#
#.........#
#.#########
#.# #.# #>#


You could see Azzok's ghost.

Vanquished Creatures
  A two-headed ogre (D:9)
  A phantom (D:5)
  2 ogres
  The ghost of Lahna the Cudgeler, an amateur DrBe of Trog (D:3)
  2 bullfrogs
  A water moccasin skeleton (D:5)
  2 crimson imps (D:5)
  A bullfrog skeleton (D:5)
  2 orc priests
  3 hounds
  2 orc wizards
  4 worker ants
  A hound skeleton (D:9)
  9 adders
  A shadow imp (D:9)
  2 oozes
  An adder zombie (D:5)
  A worm (D:4)
  5 dart slugs
  4 leopard geckos
  7 orcs
  2 ball pythons
  3 giant cockroaches
  5 goblins (D:1)
  3 hobgoblins
  9 kobolds
  3 quokkas
  6 bats
  3 frilled lizards
  2 jackal skeletons
  A leopard gecko zombie (D:5)
  A quokka skeleton (D:6)
  6 rats
97 creatures vanquished.

Notes
Turn   | Place    | Note
-------+----------+-------------------------------------------
     0 | D:1      | Jynx the Hill Orc Fighter began the quest for the Orb.
     0 | D:1      | Reached XP level 1. HP: 19/19 MP: 1/1
    79 | D:1      | Reached XP level 2. HP: 21/26 MP: 2/2
   794 | D:2      | Reached XP level 3. HP: 33/33 MP: 3/3
   820 | D:2      | Found a sacrificial altar of Ru.
   914 | D:2      | Found a snail-covered altar of Cheibriados.
   920 | D:2      | Reached XP level 4. HP: 38/40 MP: 4/4
   930 | D:2      | Found a blossoming altar of Fedhas.
   961 | D:2      | Reached skill level 3 in Polearms
  1537 | D:3      | Noticed Lahna's ghost (amateur DrBe)
  1882 | D:3      | Killed Lahna's ghost
  1882 | D:3      | Reached skill level 4 in Polearms
  1882 | D:3      | Reached XP level 5. HP: 47/47 MP: 5/5
  2330 | D:3      | Found a bloodstained altar of Trog.
  2545 | D:4      | Found Wasuilyu's Antique Weapon Shop.
  2551 | D:4      | Reached XP level 6. HP: 55/55 MP: 6/6
  2579 | D:4      | Reached skill level 5 in Fighting
  3002 | D:4      | Reached skill level 5 in Polearms
  3002 | D:4      | Reached XP level 7. HP: 4/61 MP: 7/7
  3485 | D:5      | Entered Level 5 of the Dungeon
  3570 | D:5      | Reached skill level 5 in Armour
  3570 | D:5      | Reached skill level 5 in Shields
  3931 | D:5      | Reached skill level 6 in Polearms
  3943 | D:5      | Reached XP level 8. HP: 39/70 MP: 8/8
  4577 | D:6      | You fall through a shaft for 3 floors!
  4577 | D:9      | Noticed a two-headed ogre
  4592 | D:9      | Killed a two-headed ogre
  4592 | D:9      | Reached skill level 7 in Polearms
  4885 | D:9      | Noticed Azzok's ghost (novice DEFE)
  4915 | D:9      | Killed from afar by Azzok's ghost

Skill      XL: |  1  2  3  4  5  6  7  8 |
---------------+-------------------------+-----
Fighting       | 4 5 6 |  6.6
Polearms       | 4 5 6 7 |  7.2
Armour         | 4 5 |  5.9
Shields        | 4 5 6 |  6.0

Action                   |  1- 3 |  4- 6 |  7- 9 || total
-------------------------+-------+-------+-------++-------
Melee: Trident           |    83 |   197 |   223 ||   503
 Abil: Evoke Berserk Rag |       |     1 |       ||     1
  Use: Scroll            |     2 |     4 |     4 ||    10
       Potion            |       |       |     1 ||     1
 Stab: Distracted        |       |       |     1 ||     1
  Eat: Chunk             |       |     8 |     5 ||    13
Armor: Scale mail        |    34 |    82 |    68 ||   184
Dodge: Dodged            |    15 |    42 |    37 ||    94
Block: Shield            |    32 |    81 |    72 ||   185
